cohdb
Replays
Latest Replays
All Replays
Popular Replays
Top Player Replays
Match Explorer
How It Works
Community
CoH3 Stats
Reddit
Sign in to upload your games and track your stats! →
Sign in with Steam
Match 42198371
Unlisted
Match 42198371
Overview
Messages
Build Orders
End
Construct Infanterie Kompanie
Selects Terror Battlegroup
Selects Machine Gun Camouflage
MG 42 Machine Gun Team
Grenadier Squad
Construct Panzergrenadier Kompanie
Panzergrenadier Squad
251 Medium Carrier
Pak 40 Anti-tank Gun Team
Panzergrenadier Officer Quarters
Medical Station
Pak 40 Anti-tank Gun Team
Selects Contempt for the Weak
Pioneer Squad
Pak 40 Anti-tank Gun Team
Pak 40 Anti-tank Gun Team
MG 42 Machine Gun Team
Selects Propaganda Leaflet Drop
Panzergrenadier Squad
Propaganda Leaflet Drop
kenleung
爱打游戏的啥子
鱼塘摸鱼猫师傅高分大神快退散
Blooddeani
「𝓞𝓓𝓢𝓣」剑钟仙
我真的不是驴
THE one-冰封夕阳
BABYDOG
0
0
Comments
sign in to comment!
No comments posted yet!